Map: 瑟拉斯废墟

Players

cyan

  • Race: Protoss Protoss
  • League: Master

공허의유산

  • Race: Protoss Protoss
  • League: Silver

IIIIIIIIIIII

  • Race: Zerg Zerg

WhiteCream

  • Race: Zerg Zerg

VOD

Have the link to the VOD?

Description

Time

  • Played on: Jan. 23, 2016, 12:49 a.m.
  • Length: 6:58
Show
View Real Time Build Order
Export as new Build Order

cyan Protoss 

Build Orders: 1 Gate Expand 

Get SALT Encoding   

  12  0:01  Probe (Chrono Boost)  
  13  0:11  Probe (Chrono Boost)  
  14  0:18  Pylon  
  14  0:22  Probe (Chrono Boost)  
  15  0:36  Probe (Chrono Boost)  
  15  0:38  Gateway  
  16  0:43  Assimilator  
  16  0:47  Probe (Chrono Boost)  
  17  0:58  Probe (Chrono Boost)  
  18  1:08  Probe (Chrono Boost)  
  19  1:21  Nexus  
  19  1:25  Probe (Chrono Boost)  
  20  1:35  Cybernetics Core  
  20  1:38  Probe (Chrono Boost)  
  21  1:43  Assimilator  
  21  1:49  Probe (Chrono Boost)  
  21  1:54  Pylon  
  22  1:59  Probe (Chrono Boost)  
  23  2:12  Stalker, Warp Gate, Probe (Chrono Boost)  
  27  2:22  Probe (Chrono Boost)  
  27  2:29  Robotics Facility  
  27  2:33  Probe (Chrono Boost)  
  27  2:36  Probe (Chrono Boost)  
  29  2:46  Probe (Chrono Boost)  
  29  2:47  Mothership Core (Chrono Boost)  
  32  2:54  Pylon  
  32  2:56  Probe (Chrono Boost)  
  33  3:06  Probe (Chrono Boost)  
  33  3:12  Probe (Chrono Boost)  
  35  3:16  Probe (Chrono Boost)  
  35  3:19  Robotics Bay  
  36  3:22  Probe (Chrono Boost)  
  38  3:27  Probe (Chrono Boost)  
  38  3:30  Gateway  
  38  3:33  Probe (Chrono Boost)  
  39  3:34  Gateway  
  39  3:37  Probe (Chrono Boost)  
  40  3:43  Probe (Chrono Boost)  
  40  3:45  Warp Prism (Chrono Boost)  
  40  3:47  Probe  
  43  3:53  Pylon  
  43  3:55  Probe  
  45  3:58  Probe  
  45  4:01  Assimilator  
  45  4:02  Assimilator  
  46  4:07  Gravitic Drive (Chrono Boost), Probe  
  47  4:11  Probe  
  47  4:13  Disruptor  
  48  4:22  Probe  
  48  4:23  Sentry  
  54  4:26  Pylon  
  54  4:29  Probe  
  55  4:33  Gateway  
  55  4:35  Gateway  
  55  4:39  Gateway  
  55  4:44  Disruptor  
  55  4:50  Gateway  
  55  4:51  Sentry  
  60  4:57  Gateway  
  60  5:01  Pylon  
  60  5:04  Pylon  
  60  5:08  Pylon, Sentry  
  60  5:10  Sentry  
  64  5:20  Observer  
  64  5:21  Pylon x2  
  64  5:26  Adept  
  67  5:29  Adept  
  67  5:31  Adept  
  67  5:33  Adept  
  73  5:42  Adept x2  
  79  5:58  Stalker x4  
  79  6:00  Stalker  
  87  6:05  Stalker  
  87  6:10  Stalker  
  91  6:27  Stalker x4  
  91  6:30  Stalker  
  101  6:41  Stalker x3  
Show
View Real Time Build Order
Export as new Build Order

공허의유산 Protoss 

Build Orders:  

Get SALT Encoding   

  12  0:01  Drone  
  13  0:12  Overlord  
  13  0:17  Drone  
  14  0:23  Extractor  
  14  0:24  Drone  
  15  0:30  Drone  
  15  0:34  Drone  
  17  0:55  Hatchery  
  16  0:58  Drone  
  17  1:12  Spawning Pool  
  17  1:16  Drone  
  17  1:19  Extractor  
  17  1:22  Drone  
  17  1:52  Hatchery  
  16  1:58  Drone  
  16  1:59  Zergling x2  
  16  2:00  Zergling x2  
  19  2:10  Drone  
  19  2:13  Zergling x2  
  21  2:24  Metabolic Boost  
  21  2:32  Queen  
  23  2:43  Queen  
  25  2:48  Drone  
  26  3:04  Drone x2  
  26  3:05  Drone  
  29  3:06  Drone  
  29  3:08  Zergling x2  
  31  3:18  Drone  
  32  3:20  Spine Crawler  
  32  3:26  Spine Crawler  
  30  3:34  Drone  
  30  3:43  Roach Warren, Drone x2  
  30  3:44  Extractor  
  30  3:48  Drone x2  
  33  3:55  Drone  
  33  3:57  Overlord  
  33  4:05  Lair  
  33  4:18  Drone, Queen  
  33  4:19  Drone  
  33  4:20  Drone  
  38  4:30  Overlord  
  38  4:31  Overlord  
  38  4:33  Drone  
  39  4:51  Roach x5  
  49  4:54  Spore Crawler  
  49  4:56  Drone  
  49  5:07  Drone x4  
  51  5:11  Spore Crawler  
  52  5:22  Overseer  
  52  5:26  Hydralisk Den  
  52  5:27  Overlord x2  
  51  5:42  Roach x3  
  57  5:46  Roach x3  
  57  5:47  Roach  
  65  5:56  Hydralisk  
  65  5:57  Hydralisk  
  63  5:59  Hydralisk  
  69  6:06  Roach x2  
  73  6:16  Spine Crawler  
  73  6:17  Spine Crawler  
  70  6:24  Hydralisk  
  70  6:25  Roach  
Show
View Real Time Build Order
Export as new Build Order

IIIIIIIIIIII Zerg 

Build Orders:  

Get SALT Encoding   

Show
View Real Time Build Order
Export as new Build Order

WhiteCream Zerg 

Build Orders:  

Get SALT Encoding   

Tags
 
Add a new tag
Caveats
  • Supply blocks, unpowered buildings, or Contaminate may cause inaccurate times.
  • Supply counts are checked every 10 seconds.